Map: Abyssal Reef LE

Players

선량배

  • Race: Zerg Zerg
  • League: Diamond
  • Spawn Location: 11:00

Horiken - Winner!

  • Race: Terran Terran
  • League: Diamond
  • Spawn Location: 5:00

VOD

Have the link to the VOD?

Description

Time

  • Played on: Oct. 19, 2017, 8:33 a.m.
  • Length: 9:31
Show
View Real Time Build Order
Export as new Build Order

선량배 Zerg 

Build Orders: Hatch First 

Get SALT Encoding   

  12  0:01  Drone  
  13  0:12  Overlord  
  13  0:16  Drone  
  14  0:30  Drone x2  
  16  0:35  Drone  
  17  0:44  Drone  
  18  0:58  Hatchery  
  18  1:02  Drone  
  18  1:15  Spawning Pool  
  18  1:16  Drone  
  18  1:20  Drone  
  18  1:24  Extractor  
  18  1:27  Drone  
  19  1:39  Drone  
  20  1:48  Overlord  
  20  2:03  Queen  
  20  2:07  Zergling x2  
  23  2:10  Zergling x2  
  24  2:19  Drone  
  24  2:20  Queen  
  24  2:22  Drone  
  28  2:24  Metabolic Boost  
  28  2:27  Drone  
  29  2:44  Zergling x2  
  29  2:45  Zergling x2, Drone x2  
  32  2:59  Queen  
  32  3:03  Pneumatized Carapace  
  33  3:06  Overlord  
  33  3:07  Drone  
  33  3:08  Drone  
  35  3:24  Overlord  
  35  3:28  Drone x5  
  40  3:36  Hatchery  
  39  3:53  Extractor, Overlord  
  38  3:57  Overlord  
  38  4:02  Drone x4  
  42  4:03  Drone x3  
  45  4:20  Zergling x14  
  49  4:29  Extractor  
  49  4:30  Extractor, Drone  
  49  4:31  Drone  
  49  4:39  Zergling x2  
  49  4:40  Zergling x2  
  49  4:43  Baneling Nest  
  50  5:00  Queen  
  50  5:02  Drone x3  
  55  5:11  Queen  
  55  5:12  Spore Crawler  
  55  5:16  Drone x3  
  55  5:18  Spore Crawler  
  55  5:19  Lair  
  53  5:34  Zergling x26  
  47  6:07  Drone  
  47  6:08  Drone x4  
  47  6:09  Evolution Chamber x2, Queen, Drone  
  47  6:10  Drone x2  
  55  6:11  Drone  
  55  6:12  Drone x2  
  55  6:13  Drone  
  59  6:26  Drone  
  59  6:27  Drone  
  61  6:39  Overlord x2  
  61  6:40  Drone  
  61  6:41  Overlord  
  62  6:50  Drone x2  
  62  6:52  Zerg Ground Armor Level 1  
  64  6:54  Zerg Missile Weapons Level 1  
  64  6:58  Spore Crawler  
  64  7:00  Overseer  
  59  7:09  Queen  
  59  7:17  Hydralisk Den  
  58  7:30  Burrow  
  58  7:33  Roach Warren  
  58  7:34  Drone  
  58  7:36  Drone  
  58  7:37  Drone x5  
  64  7:38  Overlord  
  64  7:49  Drone  
  65  7:51  Muscular Augments  
  65  7:57  Hydralisk x8  
  65  7:58  Hydralisk x4  
  84  8:05  Roach Warren  
  83  8:08  Zergling x2  
  83  8:09  Zergling x8  
  86  8:22  Roach  
  86  8:24  Overlord x2  
  89  8:40  Overlord  
  89  8:42  Overlord x2  
  89  8:44  Roach  
  89  8:45  Roach x7  
  105  8:50  Drone  
  73  9:11  Roach  
  73  9:12  Roach x6  
Show
View Real Time Build Order
Export as new Build Order

Horiken Terran - Winner!

Build Orders: Reaper Expand, Hellion Banshee 

Get SALT Encoding   

  12  0:01  SCV  
  13  0:13  SCV  
  14  0:18  Supply Depot  
  14  0:25  SCV  
  15  0:30  Refinery  
  15  0:39  SCV  
  16  0:46  Barracks  
  16  0:51  SCV  
  17  1:03  SCV  
  18  1:16  SCV  
  19  1:34  Reaper, Orbital Command  
  20  1:49  Command Center  
  20  1:59  Supply Depot  
  20  2:00  SCV  
  21  2:07  Barracks Reactor  
  21  2:12  SCV  
  22  2:17  Factory  
  22  2:24  SCV  
  22  2:29  Refinery  
  23  2:41  SCV  
  24  2:44  Marine x2  
  26  2:54  SCV  
  27  3:04  Orbital Command  
  27  3:06  SCV  
  27  3:10  Starport  
  28  3:15  Hellion  
  28  3:16  Hellion  
  28  3:18  Barracks Tech Lab, SCV  
  33  3:27  Supply Depot  
  33  3:30  SCV x2  
  35  3:39  Hellion x2  
  39  3:44  SCV  
  39  3:45  SCV  
  41  3:54  Supply Depot  
  41  3:57  Banshee, Cloaking Field, SCV  
  41  4:01  SCV  
  46  4:17  Hellion x2  
  46  4:25  SCV x2  
  48  4:31  Armory  
  48  4:37  SCV  
  49  4:39  SCV  
  49  4:41  Supply Depot  
  49  4:44  Viking  
  52  4:50  SCV  
  52  4:51  SCV  
  54  5:01  Barracks Tech Lab, Refinery  
  54  5:02  SCV  
  54  5:03  SCV, Refinery  
  56  5:08  Factory  
  57  5:14  SCV  
  57  5:17  Banshee  
  60  5:34  Hellion x2  
  60  5:52  SCV x2  
  59  5:57  Hellion  
  59  5:58  Factory, Hellion  
  59  6:04  Banshee, Supply Depot x2  
  54  6:05  Thor  
  54  6:07  Infernal Pre-Igniter, Barracks Tech Lab  
  63  6:21  Hellion x2, SCV x2  
  63  6:25  Supply Depot  
  69  6:28  Terran Vehicle Weapons Level 1  
  69  6:47  Hellion x2  
  73  6:49  Banshee  
  73  6:54  Thor  
  82  7:02  Thor  
  88  7:10  Supply Depot x2  
  88  7:20  Hellion  
  88  7:21  Hellion  
  89  7:34  Banshee  
  89  7:36  Thor  
  98  7:52  Thor, Hellion  
  98  7:53  Hellion  
  108  8:08  SCV x2  
  109  8:13  Supply Depot  
  109  8:35  Hellion x2  
  115  8:41  Hellion  
  115  9:09  Hellion x2  
Tags
 
Add a new tag
Caveats
  • Supply blocks, unpowered buildings, or Contaminate may cause inaccurate times.
  • Supply counts are checked every 10 seconds.